 Dungeon Crawl Stone Soup version 0.20.1-1-g8b1a95d66d (webtiles) character file.

591 FreshCat the Ducker (level 7, 0/54 HPs)
             Began as a Merfolk Gladiator on Nov 24, 2017.
             Was an Initiate of Makhleb.
             Killed by nerve-wracking pain
             ... invoked by an orc priest
              (12 damage)
             ... on level 5 of the Dungeon on Nov 25, 2017.
             The game lasted 01:06:09 (5058 turns).

FreshCat the Ducker (Merfolk Gladiator)             Turns: 5058, Time: 01:06:11

Health: 0/54       AC: 10    Str: 16    XL:     7   Next: 39%
Magic:  7/7        EV: 15    Int: 13    God:    Makhleb [......]
Gold:   160        SH:  0    Dex: 15    Spells: 1/6 levels left

rFire    . . .     SeeInvis .   P - +0 trident
rCold    . . .     Gourm    .   (no shield)
rNeg     . . .     Faith    .   o - +3 leather armour
rPois    .         Spirit   .   c - +0 helmet
rElec    .         Reflect  .   (no cloak)
rCorr    .         Harm     .   O - +0 pair of gloves
MR       .....                  l - +0 pair of boots
Stlth    +++.......             (no amulet)
Regen    0.0/turn               y - +5 ring of intelligence
MPRegen  0.1/turn               D - ring of stealth

@: no status effects
A: change form in water, swift swim, stealthy swim, rugged brown scales 1,
inhibited regeneration
a: Renounce Religion


You were on level 5 of the Dungeon.
You worshipped Makhleb.
Makhleb was noncommittal.
You were not hungry.

You visited 2 branches of the dungeon, and saw 7 of its levels.

You collected 256 gold pieces.
You spent 96 gold pieces at shops.

Inventory:

Hand Weapons
 a - a +0 war axe
 i - a +1 dagger of flaming
 P - a +0 trident (weapon)
Missiles
 d - 2 throwing nets
 e - 35 bolts
 j - 182 stones (quivered)
 r - 9 poisoned needles
 L - 8 needles of paralysis
Armour
 c - a +0 helmet (worn)
 l - a +0 pair of boots (worn)
 o - a +3 leather armour (worn)
 v - a +0 plate armour
 O - a +0 pair of gloves (worn)
Jewellery
 y - a +5 ring of intelligence (left hand)
 C - an uncursed ring of see invisible {unknown}
 D - a ring of stealth (right hand)
 J - a cursed ring of loudness {unknown}
Wands
 H - a wand of lightning (3/15)
 M - a wand of iceblast (7/15)
Scrolls
 b - 2 scrolls of amnesia
 h - a scroll of magic mapping {unknown}
 m - a scroll of blinking
 w - a scroll of recharging
 x - a scroll of teleportation
 E - a scroll of enchant armour {unknown}
 G - a scroll of random uselessness
 I - 2 scrolls of immolation
 K - a scroll of remove curse {unknown}
Potions
 k - a potion of mutation
 p - 3 potions of lignification
 q - a potion of magic {unknown}
 s - a potion of brilliance
 t - a potion of resistance {unknown}
 u - 2 potions of haste
 z - a potion of ambrosia {unknown}
 A - a potion of flight {unknown}
 B - a potion of cancellation {unknown}
Books
 F - a book of Necromancy

   Spells                             Type                      Level
   a - Pain                           Necromancy                   1
   b - Animate Skeleton               Necromancy                   1
   c - Vampiric Draining              Necromancy                   3
   d - Regeneration                   Charms/Necromancy            3
   e - Animate Dead                   Necromancy                   4
   f - Control Undead                 Necromancy                   4
 N - a book of Geomancy

   Spells                             Type                      Level
   a - Sandblast                      Earth                        1
   b - Passwall                       Transmutation/Earth          2
   c - Stone Arrow                    Conjuration/Earth            3
   d - Petrify                        Transmutation/Earth          4
   e - Lee's Rapid Deconstruction     Earth                        5
Comestibles
 f - 5 bread rations
 g - 4 fruits
 n - 4 meat rations


   Skills:
 + Level 3.7 Fighting
 + Level 5.1 Axes
 + Level 2.2 Throwing
 + Level 1.6 Armour
 + Level 6.1 Dodging
 + Level 1.2 Stealth


You had one spell level left.
You knew the following spells:

 Your Spells              Type           Power        Failure   Level  Hunger
a - Sandblast             Erth           #.....       36%         1    ##.....
b - Passwall              Tmut/Erth      #.........   50%         2    ###....
c - Pain                  Necr           #...         36%         1    ##.....
d - Animate Skeleton      Necr           N/A          36%         1    ##.....


Dungeon Overview and Level Annotations

Branches:
Dungeon (6/15)             Temple (1/1) D:4

Altars:
Cheibriados
Dithmenos
Elyvilon
Gozag
Hepliaklqana
Kikubaaqudgha
Makhleb
Nemelex Xobeh
Okawaru
Qazlal
Sif Muna
Uskayaw
Vehumet
Xom
Yredelemnul
Zin
The Shining One

Shops:
D:5 *


Innate Abilities, Weirdness & Mutations

You revert to your normal form in water.
You are very nimble and swift while swimming.
You are very stealthy in the water. (Stealth+)
You are partially covered in rugged brown scales. (AC +1, +3% HP)
You do not regenerate when monsters are visible.


Message History

The orc priest is severely wounded.
The orc priest completely misses you. x2
You hit the orc priest.
The orc priest is almost dead.
The orc priest invokes the aid of Beogh against you.
Beogh smites you!
* * * LOW HITPOINT WARNING * * *
The orc priest hits you but does no damage.
You closely miss the orc priest.
The orc priest is almost dead.
The orc priest mumbles some strange prayers to Beogh against you.
You struggle to resist.
The orc priest begins to cast a cantrip, but forgets the words!
You closely miss the orc priest.
The orc priest is almost dead.
The orc priest hits you with a flail.
* * * LOW HITPOINT WARNING * * *
The orc priest mumbles some strange prayers to Beogh against you.
Pain shoots through your body!
You die...

#.# ... ### $.# #.# #..
#.. ## #.# #.# #.# #.#
#.# #.# #.##.# #.#
#....# #.# ##..## #<#
### #...#
#..###o###########.## #
#....#
#...oo@.#..........####
#......
##..$##......##........
#....<...#..#
###..............
...####....#
##.......###.... ..##
##.. ##..####### ##...
#### ## ##..## ##...
### ##..## #######....
....###########..##
##..........
.....<..........##
#..######...


You could see 2 orc priests and an orc.

Vanquished Creatures
  2 ogres
  3 hounds
  2 orc wizards (D:5)
  A bullfrog skeleton (D:4)
  An iguana (D:4)
  A worker ant (D:5)
  2 hound skeletons (D:5)
  A worker ant zombie (D:5)
  A howler monkey skeleton (D:5)
  4 adders
  An ooze (D:1)
  An adder skeleton (D:5)
  3 worms (D:2)
  2 dart slugs
  3 leopard geckos
  8 orcs
  A ball python (D:4)
  7 giant cockroaches
  9 goblins
  5 hobgoblins (D:1)
  6 jackals
  10 kobolds
  10 bats
  6 frilled lizards
  5 rats
95 creatures vanquished.

Notes
Turn   | Place    | Note
-------+----------+-------------------------------------------
     0 | D:1      | FreshCat the Merfolk Gladiator began the quest for the Orb.
     0 | D:1      | Reached XP level 1. HP: 16/16 MP: 1/1
   172 | D:1      | Reached XP level 2. HP: 22/22 MP: 2/2
   499 | D:1      | Reached XP level 3. HP: 21/27 MP: 3/3
  1259 | D:2      | Reached XP level 4. HP: 26/34 MP: 4/4
  1445 | D:2      | Reached skill level 5 in Dodging
  1468 | D:2      | Found an iron altar of Okawaru.
  2299 | D:5      | Entered Level 5 of the Dungeon
  2299 | D:5      | Noticed an ogre
  2313 | D:4      | Reached XP level 5. HP: 40/40 MP: 5/5
  2692 | D:3      | Reached skill level 1 in Armour
  3168 | D:4      | Reached XP level 6. HP: 47/47 MP: 6/6
  3449 | D:4      | Found a staircase to the Ecumenical Temple.
  3456 | Temple   | Entered the Ecumenical Temple
  3523 | Temple   | Became a worshipper of Makhleb the Destroyer
  4011 | D:5      | Reached skill level 6 in Dodging
  4113 | D:5      | Reached XP level 7. HP: 51/52 MP: 7/7
  4122 | D:5      | Found Juggoen's General Store.
  4137 | D:5      | Bought a potion of mutation for 96 gold pieces
  4137 | D:5      | Gained mutation: You do not regenerate when monsters are visible. [potion of mutation]
  4137 | D:5      | Gained mutation: You are partially covered in rugged brown scales. (AC +1, +3% HP) [potion of mutation]
  4489 | D:5      | Reached skill level 1 in Stealth
  4533 | D:5      | Learned a level 1 spell: Sandblast
  4536 | D:5      | Learned a level 2 spell: Passwall
  4680 | D:5      | Reached skill level 5 in Axes
  4870 | D:6      | Found a white marble altar of Elyvilon.
  4933 | D:5      | Learned a level 1 spell: Pain
  4935 | D:5      | Learned a level 1 spell: Animate Skeleton
  5058 | D:5      | Killed from afar by an orc priest

Skill      XL: |  1  2  3  4  5  6  7 |
---------------+----------------------+-----
Axes           | 3 4 5 |  5.1
Dodging        | 5 6 |  6.1
Armour         | 1 |  1.6
Fighting       | 3 |  3.7
Stealth        | 1 |  1.2
Throwing       | |  2.2

Action                   |  1- 3 |  4- 6 |  7- 9 || total
-------------------------+-------+-------+-------++-------
Melee: War axe           |   119 |   171 |    47 ||   337
       Trident           |       |       |    10 ||    10
Throw: Throwing net      |     1 |     2 |       ||     3
       Stone             |       |     7 |     2 ||     9
  Use: Scroll            |       |     6 |     1 ||     7
       Potion            |       |     3 |     1 ||     4
 Stab: Distracted        |       |     1 |       ||     1
  Eat: Bread ration      |     1 |     2 |       ||     3
       Fruit             |     1 |       |       ||     1
Armor: Leather armour    |    43 |    52 |    15 ||   110
Dodge: Dodged            |    95 |   140 |    51 ||   286
